 Dungeon Crawl Stone Soup version 0.21.0-3-g78d12a8 (webtiles) character file.

1093 Exaltedone87 the Shield-Bearer (level 8, -2/67 HPs)
             Began as a Gnoll Fighter on Jan 9, 2018.
             Splashed by Pikel's acid (10 damage)
             ... on level 7 of the Dungeon.
             The game lasted 00:09:12 (3995 turns).

Exaltedone87 the Shield-Bearer (Gnoll Fighter)      Turns: 3995, Time: 00:09:12

Health: -2/67      AC: 10    Str: 20    XL:     8   Next: 31%
Magic:  12/12      EV:  6    Int: 11    God:
Gold:   207        SH: 11    Dex: 15    Spells: 13/13 levels left

rFire    . . .     SeeInvis .   a - +1 war axe
rCold    . . .     Gourm    .   c - +0 shield
rNeg     . . .     Faith    .   p - +0 plate armour
rPois    .         Spirit   .   (no helmet)
rElec    .         Reflect  .   (no cloak)
rCorr    .         Harm     .   u - +0 pair of gloves
MR       .....                  (no boots)
Stlth    ..........             r - amulet of magic regeneration
HPRegen  0.21/turn              (no ring)
MPRegen  0.38/turn              (no ring)

@: corroded
A: distributed training, fangs 1, strong nose
a: no special abilities


You were on level 7 of the Dungeon.
You were not hungry.

You visited 1 branch of the dungeon, and saw 5 of its levels.
You also visited: Sewer.

You collected 207 gold pieces.

Inventory:

Hand Weapons
 a - a +1 war axe (weapon)
Armour
 c - a +0 shield (worn)
 p - a +0 plate armour (worn)
 u - a +0 pair of gloves (worn)
Jewellery
 r - an amulet of magic regeneration (around neck)
Wands
 g - a wand of enslavement (10)
Scrolls
 b - a scroll of enchant weapon
 e - 4 scrolls of teleportation
 j - a scroll of magic mapping
 m - 4 scrolls of enchant armour {unknown}
 n - a scroll of immolation {unknown}
 o - 3 scrolls of fog {unknown}
 q - a scroll of amnesia {unknown}
 s - a scroll of noise {unknown}
 t - a scroll of identify
Potions
 d - 2 potions of might
 h - 2 potions of degeneration {unknown}
 i - 4 potions of curing
 k - 2 potions of agility {unknown}
 v - a potion of flight
Comestibles
 f - 14 rations
 l - 9 chunks of flesh


   Skills:
 + Level 7.3 Fighting
 + Level 3.1 Short Blades
 + Level 3.1 Long Blades
 + Level 5.6 Axes
 + Level 3.1 Maces & Flails
 + Level 3.1 Polearms
 + Level 3.1 Staves
 + Level 3.1 Slings
 + Level 3.1 Bows
 + Level 3.1 Crossbows
 + Level 3.1 Throwing
 + Level 7.3 Armour
 + Level 3.1 Dodging
 + Level 3.1 Stealth
 + Level 7.3 Shields
 + Level 3.1 Unarmed Combat
 + Level 3.1 Spellcasting
 + Level 2.5 Conjurations
 + Level 2.5 Hexes
 + Level 2.5 Charms
 + Level 2.5 Summonings
 + Level 2.5 Necromancy
 + Level 2.5 Translocations
 + Level 2.5 Transmutations
 + Level 2.5 Fire Magic
 + Level 2.5 Ice Magic
 + Level 2.5 Air Magic
 + Level 2.5 Earth Magic
 + Level 2.5 Poison Magic
 + Level 3.4 Invocations
 + Level 3.1 Evocations


You had 13 spell levels left.
You didn't know any spells.

Dungeon Overview and Level Annotations

Branches:
Dungeon (4/15)
 Temple: D:4-7

Altars:
Ashenzari
Kikubaaqudgha
Nemelex Xobeh
Okawaru
Ru

Annotations:
D:7 Pikel


Innate Abilities, Weirdness & Mutations

Your experience applies equally to all skills.
You have very sharp teeth.
Your uncanny sense of smell can sniff out nearby items.


Message History

Your shield and plate armour prevent you from hitting the centaur.
The centaur is moderately wounded.
You block the centaur's attack. x2
The orc wizard casts a spell.
The orc wizard blinks!
A bullfrog comes into view.
The bullfrog gives a loud, deep croak!
You hit the centaur.
The centaur is severely wounded.
The centaur hits you. Pikel waves his whip at you.
You block the centaur's attack.
You slash the centaur!
You kill the centaur!
You slash Pikel!
Pikel is moderately wounded.
Pikel zaps a wand.
The bolt of acid hits you!
* * * LOW HITPOINT WARNING * * *
The acid corrodes you!
You are splashed with acid!
The acid burns!
You die...

.....l .....
o .... .. ...
.o ∆.> .#
.###.#
########p...#
#..)@KpoF#
#.########
...# ..####
... .#


You could see Pikel, 2 slaves, a bullfrog and an orc wizard.

Vanquished Creatures
  The ghost of Buffagor the Insei, an amateur OpTm (D:4)
  2 ogres
  The ghost of quantumfuzzball the Chopper, an amateur HOMo (D:3)
  A phantom (D:4)
  A centaur (D:7)
  A crimson imp (D:7)
  4 orc wizards
  A bullfrog skeleton (D:4)
  Jessica (D:3)
  Ijyb (D:4)
  Terence (D:3)
  A hound skeleton (D:4)
  4 adders
  2 river rats (D:4)
  7 oozes
  5 worms
  2 dart slugs (D:1)
  8 leopard geckos
  16 orcs
  2 ball pythons
  6 giant cockroaches
  6 goblins
  9 hobgoblins
  8 jackals
  8 kobolds
  A quokka (D:4)
  13 bats
  8 frilled lizards
  9 rats
130 creatures vanquished.

Notes
Turn   | Place    | Note
-------+----------+-------------------------------------------
     0 | D:1      | Exaltedone87 the Gnoll Fighter began the quest for the Orb.
     0 | D:1      | Reached XP level 1. HP: 23/23 MP: 1/1
    58 | D:1      | Reached XP level 2. HP: 28/29 MP: 2/2
   856 | D:2      | Reached XP level 3. HP: 35/35 MP: 3/3
  1203 | D:2      | Reached skill level 1 in Invocations
  1255 | D:2      | Found a shattered altar of Ashenzari.
  1492 | D:3      | Found a sparkling altar of Nemelex Xobeh.
  1508 | D:3      | Reached skill level 1 in Short Blades
  1508 | D:3      | Reached skill level 1 in Long Blades
  1508 | D:3      | Reached skill level 1 in Maces & Flails
  1508 | D:3      | Reached skill level 1 in Polearms
  1508 | D:3      | Reached skill level 1 in Staves
  1508 | D:3      | Reached skill level 1 in Slings
  1508 | D:3      | Reached skill level 1 in Bows
  1508 | D:3      | Reached skill level 1 in Crossbows
  1508 | D:3      | Reached skill level 1 in Throwing
  1508 | D:3      | Reached skill level 1 in Dodging
  1508 | D:3      | Reached skill level 1 in Stealth
  1508 | D:3      | Reached skill level 1 in Unarmed Combat
  1508 | D:3      | Reached skill level 1 in Spellcasting
  1508 | D:3      | Reached skill level 1 in Evocations
  1550 | D:3      | Noticed Terence
  1553 | D:3      | Noticed quantumfuzzball's ghost (amateur HOMo)
  1553 | D:3      | Reached XP level 4. HP: 41/41 MP: 5/5
  1589 | D:3      | Noticed Jessica
  1589 | D:3      | Killed quantumfuzzball's ghost
  1589 | D:3      | Reached skill level 1 in Conjurations
  1589 | D:3      | Reached skill level 1 in Hexes
  1589 | D:3      | Reached skill level 1 in Charms
  1589 | D:3      | Reached skill level 1 in Summonings
  1589 | D:3      | Reached skill level 1 in Necromancy
  1589 | D:3      | Reached skill level 1 in Translocations
  1589 | D:3      | Reached skill level 1 in Transmutations
  1589 | D:3      | Reached skill level 1 in Fire Magic
  1589 | D:3      | Reached skill level 1 in Ice Magic
  1589 | D:3      | Reached skill level 1 in Air Magic
  1589 | D:3      | Reached skill level 1 in Earth Magic
  1589 | D:3      | Reached skill level 1 in Poison Magic
  1589 | D:3      | Reached XP level 5. HP: 30/47 MP: 5/7
  1601 | D:3      | Killed Terence
  1603 | D:3      | Killed Jessica
  1951 | D:3      | Found a sacrificial altar of Ru.
  2032 | D:3      | Reached XP level 6. HP: 49/53 MP: 8/8
  2545 | D:4      | Noticed a phantom
  2599 | D:4      | Killed a phantom
  2599 | D:4      | Reached skill level 5 in Axes
  2651 | D:4      | Found a glowing drain.
  2655 | D:4      | Noticed Buffagor's ghost (amateur OpTm)
  2693 | D:4      | Killed Buffagor's ghost
  2693 | D:4      | Reached XP level 7. HP: 27/60 MP: 10/10
  2725 | Sewer    | Entered a sewer
  3666 | D:4      | Found an ancient bone altar of Kikubaaqudgha.
  3854 | D:4      | Found an iron altar of Okawaru.
  3855 | D:4      | Noticed Ijyb
  3879 | D:4      | Killed Ijyb
  3879 | D:4      | Reached XP level 8. HP: 46/67 MP: 12/12
  3940 | D:4      | You fall through a shaft for 3 floors!
  3982 | D:7      | Noticed Pikel
  3995 | D:7      | Splashed by Pikel's acid

Skill      XL: |  1  2  3  4  5  6  7  8 |
---------------+-------------------------+-----
Invocations    | 1 2 3 |  3.4
Short Blades   | 1 2 3 |  3.1
Long Blades    | 1 2 3 |  3.1
Maces & Flails | 1 2 3 |  3.1
Polearms       | 1 2 3 |  3.1
Staves         | 1 2 3 |  3.1
Slings         | 1 2 3 |  3.1
Bows           | 1 2 3 |  3.1
Crossbows      | 1 2 3 |  3.1
Throwing       | 1 2 3 |  3.1
Dodging        | 1 2 3 |  3.1
Stealth        | 1 2 3 |  3.1
Unarmed Combat | 1 2 3 |  3.1
Spellcasting   | 1 2 3 |  3.1
Evocations     | 1 2 3 |  3.1
Conjurations   | 1 2 |  2.5
Hexes          | 1 2 |  2.5
Charms         | 1 2 |  2.5
Summonings     | 1 2 |  2.5
Necromancy     | 1 2 |  2.5
Translocations | 1 2 |  2.5
Transmutations | 1 2 |  2.5
Fire Magic     | 1 2 |  2.5
Ice Magic      | 1 2 |  2.5
Air Magic      | 1 2 |  2.5
Earth Magic    | 1 2 |  2.5
Poison Magic   | 1 2 |  2.5
Axes           | 5 |  5.6
Fighting       | 7 |  7.3
Armour         | 7 |  7.3
Shields        | 7 |  7.3

Action                   |  1- 3 |  4- 6 |  7- 9 || total
-------------------------+-------+-------+-------++-------
Melee: War axe           |    86 |   179 |   143 ||   408
       Bite              |     6 |    19 |    16 ||    41
  Use: Scroll            |     5 |       |     7 ||    12
       Potion            |       |       |     3 ||     3
  Eat: Chunk             |     2 |     3 |     6 ||    11
Armor: Scale mail        |    15 |       |       ||    15
       Plate armour      |    11 |    94 |   114 ||   219
Dodge: Dodged            |    23 |    28 |    49 ||   100
Block: Shield            |    50 |   110 |   129 ||   289
